 Dungeon Crawl Stone Soup version 0.29-a0-1052-g6990b1bffc (webtiles) character file.

Game seed: 2543013412652478368

730 nicolae the Digger (level 8, -8/57 HPs)
             Began as a Formicid Earth Elementalist on Aug 17, 2022.
             Was an Initiate of Ashenzari.
             Mangled by an ogre
             ... wielding a +0 giant club
              (23 damage)
             ... on level 6 of the Dungeon.
             The game lasted 00:12:46 (5210 turns).

nicolae the Digger (Formicid Earth Elementalist)    Turns: 5210, Time: 00:12:47

Health: -8/57      AC: 10    Str: 13    XL:     8   Next: 3%
Magic:  2/11       EV: 12    Int: 17    God:    Ashenzari [......]
Gold:   269        SH:  0    Dex: 14    Spells: 1/11 levels left

rFire   . . .      SeeInvis +   a - +0 falchion (vorpal)
rCold   . . .      Faith    .   (no shield)
rNeg    . . .      Spirit   .   u - +3 leather armour
rPois   +          Reflect  .   (helmet unavailable)
rElec   +          Harm     .   g - scarf {repulsion}
rCorr   .          Rampage  .   (no gloves)
Will    .....                   (no boots)
Stlth   ++........              (no amulet)
HPRegen 0.19/turn               e - +4 ring of protection
MPRegen 0.12/turn               w - ring "Inkickya" {Drain Fly rElec rPois}

@: mighty, flying, repel missiles
A: permanent stasis, dig shafts and tunnels, antennae 3, four strong arms
a: Dig, Shaft Self, Renounce Religion


You were on level 6 of the Dungeon.
You worshipped Ashenzari.
Ashenzari was noncommittal.
You visited 2 branches of the dungeon, and saw 7 of its levels.

You collected 269 gold pieces.

Inventory:

Hand Weapons
 a - a +0 vorpal falchion (weapon)
Missiles
 c - 17 poisoned darts
 d - 5 curare-tipped darts
 j - 9 boomerangs of dispersal
 m - 5 javelins
 o - a boomerang
Armour
 g - a scarf of repulsion (worn)
 u - a +3 leather armour (worn)
Jewellery
 e - a +4 ring of protection (left hand)
 w - the ring "Inkickya" (right hand) {Drain Fly rElec rPois}
   (You found it on level 4 of the Dungeon)

   [ring of poison resistance]

   rElec:     It insulates you from electricity.
   rPois:     It protects you from poison.
   Fly:       It grants you flight.
   Drain:     It drains your maximum health when unequipped.
Wands
 y - a wand of iceblast (6)
Scrolls
 h - a scroll of enchant weapon {unknown}
 i - a scroll of blinking {unknown}
 k - a scroll of vulnerability
 l - a scroll of torment {unknown}
 r - a scroll of amnesia {unknown}
 s - 2 scrolls of immolation
Potions
 b - a potion of cancellation {unknown}
 f - 3 potions of might
 n - a potion of curing
 p - a potion of flight {unknown}
 q - a potion of haste {unknown}
 t - a potion of berserk rage {unknown}
 v - a potion of invisibility {unknown}


   Skills:
 + Level 2.8 Fighting
 + Level 3.1 Dodging
 - Level 2.4 Stealth
 - Level 2.1 Spellcasting
 - Level 5.0 Conjurations
 + Level 3.7 Transmutations
 - Level 5.0 Earth Magic


You had one spell level left.
You knew the following spells:

 Your Spells              Type           Power      Damage    Failure   Level
a - Sandblast             Erth           36%        2d10      3%          1
b - Passwall              Tmut/Erth      13%        N/A       6%          2
c - Stone Arrow           Conj/Erth      36%        3d9       10%         3
d - Petrify               Tmut/Erth      16%        N/A       38%         4

Your spell library contained the following spells:

 Spells                   Type           Power      Damage    Failure   Level
 Call Canine Familiar     Summ           1%         N/A       58%         3
 Portal Projectile        Hex/Tloc       2%         N/A       58%         3
 Leda's Liquefaction      Hex/Erth       5%         N/A       65%         4


Dungeon Overview and Level Annotations

Branches:
Dungeon (6/15)             Temple (1/1) D:5

Altars:
Ashenzari
Dithmenos
Elyvilon
Fedhas
Gozag
Kikubaaqudgha
Makhleb
Qazlal
Uskayaw
Vehumet
Wu Jian
Xom
Yredelemnul
Zin
The Shining One

Shops:
D:3 :   D:5 (


Innate Abilities, Weirdness & Mutations

You cannot be hasted, slowed, berserked, paralysed or teleported.
You can dig through walls and to a lower floor.
You have a pair of large antennae on your head. (SInv)
Your four strong arms can wield two-handed weapons with a shield.


Message History

The gnoll is heavily wounded.
The gnoll hits you but does no damage. The gnoll barely misses you.
The blast of sand hits the gnoll.
The gnoll is severely wounded.
The gnoll hits you but does no damage.
The blast of sand hits the gnoll.
The gnoll is almost dead.
The gnoll hits you from afar with a +0 spear.
The gnoll hits you but does no damage.
The blast of sand hits the gnoll!!
You kill the gnoll!
Casting: Sandblast (safe; 3% risk of failure)
Confirm with . or Enter, or press ? or * to list all spells.
Aiming: Stone Arrow (dangerous; 10% risk of failure)
Press: ? - help, Shift-Dir - straight line, f - ogre
Aim: an ogre, wielding a +0 giant club (85% to hit)
The stone arrow hits the ogre!
The ogre is moderately wounded.
Casting: Stone Arrow (dangerous; 10% risk of failure)
Confirm with . or Enter, or press ? or * to list all spells.
You don't have enough magic to cast this spell.
Unknown command.
You hit the ogre but do no damage.
The ogre is moderately wounded.
The ogre hits you with a +0 giant club!!
Ouch! That really hurt!
You are too injured to fight recklessly!
You feel better. The ogre hits you with a +0 giant club!
* * * LOW HITPOINT WARNING * * *
You feel very mighty all of a sudden.
You hit the ogre.
The ogre is heavily wounded.
The ogre closely misses you.
You hit the ogre.
The ogre is severely wounded.
The ogre misses you.
You slash the ogre!
The ogre is almost dead.
The ogre hits you with a +0 giant club!!
You die...

.# #+## .
.##...# ..
.#..... #..
....... ##..
....... .....
.......
#...)###.......
#.).)O@.......
###.#####.....
# ..# #


You could see an ogre.

Vanquished Creatures
  Grinder (D:4)
  Menkaure (D:4)
  A kobold brigand (D:5)
  A necrophage (D:5)
  A hound (D:5)
  2 iguanas (D:4)
  3 gnolls (D:6)
  5 adders
  A shadow imp (D:3)
  2 ufetubi (D:4)
  3 worms
  7 orcs
  6 ball pythons
  8 endoplasms
  3 giant cockroaches
  8 goblins
  8 hobgoblins
  3 jackals (D:5)
  6 quokkas
  7 bats
  2 frilled lizards (D:1)
  13 kobolds
  7 rats
99 creatures vanquished.

Vanquished Creatures (others)
  An adder (D:4)
  A quokka (D:4)
2 creatures vanquished.

Grand Total: 101 creatures vanquished

Notes
Turn   | Place    | Note
-------+----------+-------------------------------------------
     0 | D:1      | nicolae the Formicid Earth Elementalist began the quest for
                  | the Orb.
     0 | D:1      | Reached XP level 1. HP: 13/13 MP: 3/3
   187 | D:1      | Reached XP level 2. HP: 19/19 MP: 0/5
   255 | D:1      | Learned a level 2 spell: Passwall
   519 | D:1      | Reached XP level 3. HP: 24/24 MP: 4/6
   523 | D:1      | Learned a level 3 spell: Stone Arrow
  1414 | D:2      | Reached XP level 4. HP: 30/30 MP: 5/7
  1415 | D:2      | Reached skill level 1 in Conjurations
  2080 | D:3      | Found Ferom's Book Emporium.
  2190 | D:3      | Reached XP level 5. HP: 34/35 MP: 5/8
  2271 | D:3      | Reached skill level 5 in Earth Magic
  2818 | D:4      | Noticed Menkaure
  2827 | D:4      | Killed Menkaure
  2828 | D:4      | Reached XP level 6. HP: 14/41 MP: 3/9
  3086 | D:4      | Noticed Grinder
  3096 | D:4      | Killed Grinder
  3097 | D:4      | Reached skill level 5 in Conjurations
  3097 | D:4      | Reached XP level 7. HP: 44/47 MP: 3/10
  3107 | D:4      | Reached skill level 1 in Fighting
  3287 | D:4      | Identified the ring "Inkickya" {Drain Fly rElec rPois}
  3864 | D:4      | Found a white marble altar of Elyvilon.
  4082 | D:4      | Learned a level 4 spell: Petrify
  4093 | D:5      | Entered Level 5 of the Dungeon
  4427 | D:5      | Found a shadowy altar of Dithmenos.
  4503 | D:5      | Found Focsosch's Weapon Shoppe.
  5058 | D:5      | Found a staircase to the Ecumenical Temple.
  5117 | Temple   | Entered the Ecumenical Temple
  5168 | Temple   | Became a worshipper of Ashenzari the Shackled
  5198 | D:6      | Reached XP level 8. HP: 57/57 MP: 8/11
  5210 | D:6      | Mangled by an ogre

Illustrated notes

Levels and vault maps discovered:
D:1:      eino_arrival_water_cross, layout_rooms
D:2:      layout_basic, minmay_quadrilaterals
D:3:      layout_loops_cross, serial_shops, shop
D:4:      layout_basic, elyvilon_altar_4, uniq_menkaure, uniq_grinder
D:5:      layout_basic, mainiacjoe_overflow_concentric_impassable,
          minmay_temple_entry_tees, serial_shops,
          nicolae_shop_bloodbath_and_beyond, minivault_25
D:6:      layout_loops_corners, nzn_hepliaklqana_mist_gate,
          mainiacjoe_overflow_cross_hatched, serial_shops, nicolae_diamond_shop
Temple:   cyrus_circular_temple

Skill      XL: |  1  2  3  4  5  6  7 |
---------------+----------------------+-----
Earth Magic    | 4 5 |  5.0
Transmutations | 2 3 |  3.7
Conjurations   | 1 3 5 |  5.0
Dodging        | 2 3 |  3.1
Fighting       | 2 |  2.8
Stealth        | |  2.4
Spellcasting   | |  2.1

Action                   |  1- 3 |  4- 6 |  7- 9 || total
-------------------------+-------+-------+-------++-------
Melee: Short sword       |    22 |     5 |       ||    27
       Falchion          |       |     1 |    26 ||    27
       Punch             |       |       |     3 ||     3
Throw: Dart              |       |       |     5 ||     5
 Cast: Sandblast         |    53 |    39 |    48 ||   140
       Stone Arrow       |       |     5 |     7 ||    12
  Use: Scroll            |     2 |     3 |     4 ||     9
       Potion            |       |     1 |     4 ||     5
Armor: Robe              |    22 |    11 |       ||    33
       Leather armour    |       |     2 |    39 ||    41
Dodge: Dodged            |    38 |     6 |    64 ||   108

Table legend: (Time is in decaauts)
 A = Elapsed time spent in this place.
 B = Non-inter-level travel time spent in this place.
 C = Inter-level travel time spent in this place.
 D = Time resting spent in this place.
 E = Time spent auto-exploring this place.
 F = Levels seen in this place.
 G = Mean time per level.
                   A        B        C        D        E       F      G
               +--------+--------+--------+--------+--------+-----+--------+
         Total |   5287 |   5113 |    174 |   1139 |   3065 |   7 |  755.3 |
       Dungeon |   5231 |   5069 |    162 |   1139 |   3031 |   6 |  871.8 |
        Temple |     56 |     44 |     12 |      0 |     34 |   1 |   56.0 |
               +--------+--------+--------+--------+--------+-----+--------+

Top non-repeatable levels by time:
     D:4: 1304 daAuts
     D:5: 1053 daAuts
     D:1: 1044 daAuts
     D:2: 909 daAuts
     D:3: 899 daAuts
  Temple: 56 daAuts
     D:6: 20 daAuts
